MLB
NEW YORK YANKEES @ SEATTLE MARINERS
09/20/2048
 
TOP OF THE 1ST
New York Yankees batting - Pitching for Seattle Mariners : LHP Antonio Diaz
Pitching: LHP Antonio Diaz
Batting: RHB Russ Shambaugh 0-0: Ball
1-0: Ball
2-0: Ground out 5-3 (Groundball, 56, EV 79.4 MPH)
Batting: LHB Jordan de Jesus 0-0: Ball
1-0: Ball
2-0: Swinging Strike
2-1: Ball
3-1: Ground out U3 (Groundball, 3S, EV 85.0 MPH)
Batting: RHB Adriaan Pieters 0-0: Ball
1-0: Called Strike
1-1: Ground out U3 (Groundball, 34, EV 84.4 MPH)
Top of the 1st over - 0 runs, 0 hits, 0 errors, 0 left on base; New York 0 - Seattle 0
BOTTOM OF THE 1ST
Seattle Mariners batting - Pitching for New York Yankees : RHP Tim Catalano
Pitching: RHP Tim Catalano
Batting: LHB Dae-ik Yoon 0-0: Called Strike
0-1: Ball
1-1: Swinging Strike
1-2: Foul Ball, location: 2F
1-2: Ball
2-2: DOUBLE (Line Drive, 8LXD, EV 99.4 MPH)
Batting: RHB Jose Vasquez 0-0: Called Strike
0-1: Called Strike
0-2: Strikes out swinging
Batting: SHB Floyd-William Goof 0-0: Ball
1-0: Swinging Strike
1-1: Swinging Strike
1-2: Ball
2-2: Ball
3-2: Fly out, F8 (Flyball, 89S, EV 90.6 MPH)
Batting: RHB Steve Jordan 0-0: SINGLE (Flyball, 34D, EV 90.6 MPH)
Dae-ik Yoon to third
Runner from 3rd tries for Home, SAFE, throw by RF to home
Steve Jordan to second
Batting: SHB Robbie Rogers 0-0: Fly out, F7 (Flyball, 78S, EV 75.0 MPH)
Bottom of the 1st over - 1 run, 2 hits, 0 errors, 1 left on base; New York 0 - Seattle 1
TOP OF THE 2ND
New York Yankees batting - Pitching for Seattle Mariners : LHP Antonio Diaz
Batting: RHB Shiro Suehiro 0-0: Called Strike
0-1: Fly out, F9 (Line Drive, 9, EV 85.6 MPH)
Batting: LHB Jim Skare 0-0: Ball
1-0: Foul Ball, location: 2F
1-1: Ball
2-1: Called Strike
2-2: Ball
3-2: Strikes out swinging
Batting: RHB Larry Martell 0-0: Called Strike
0-1: Ball
1-1: Ball
2-1: Swinging Strike
2-2: Foul Ball, location: 2F
2-2: Foul Ball, location: 2F
2-2: Strikes out swinging
Top of the 2nd over - 0 runs, 0 hits, 0 errors, 0 left on base; New York 0 - Seattle 1
BOTTOM OF THE 2ND
Seattle Mariners batting - Pitching for New York Yankees : RHP Tim Catalano
Batting: RHB Tony Vargas 0-0: Fly out, F7 (Flyball, 7D, EV 109.4 MPH)
Batting: RHB Harutomi Matsubara 0-0: Ball
1-0: Ball
2-0: Ball
3-0: Fly out, F8 (Flyball, 8LXD, EV 109.4 MPH)
Batting: RHB Pavpv Ivanushkin 0-0: Ball
1-0: Ball
2-0: Ball
3-0: Called Strike
3-1: Base on Balls
Batting: RHB Jimmy Hammertime 0-0: Ball
1-0: Foul Ball, location: 2F
1-1: Called Strike
1-2: Foul Ball, location: 2F
1-2: Foul Ball, location: 2F
1-2: Foul Ball, location: 2F
1-2: Foul Ball, location: 2F
1-2: Ball
2-2: Foul Ball, location: 2F
2-2: Fly out, F4 (Popup, 34, EV 64.4 MPH)
Bottom of the 2nd over - 0 runs, 0 hits, 0 errors, 1 left on base; New York 0 - Seattle 1
TOP OF THE 3RD
New York Yankees batting - Pitching for Seattle Mariners : LHP Antonio Diaz
Batting: RHB James Boynton 0-0: Swinging Strike
0-1: Called Strike
0-2: Ball
1-2: Strikes out swinging
Batting: RHB Mike Gifford 0-0: Ball
1-0: Fly out, F7 (Flyball, 7, EV 73.1 MPH)
Batting: LHB Joel Vera 0-0: Ball
1-0: Ball
2-0: Called Strike
2-1: Ball
3-1: Called Strike
3-2: Foul Ball, location: 2F
3-2: Foul Ball, location: 2F
3-2: Foul Ball, location: 2F
3-2: Base on Balls
Batting: RHB Russ Shambaugh 0-0: Ball
1-0: Fly out, F9 (Flyball, 9, EV 89.4 MPH)
Top of the 3rd over - 0 runs, 0 hits, 0 errors, 1 left on base; New York 0 - Seattle 1
BOTTOM OF THE 3RD
Seattle Mariners batting - Pitching for New York Yankees : RHP Tim Catalano
Batting: LHB Dae-ik Yoon 0-0: Ball
1-0: Called Strike
1-1: Ball
2-1: Ball
3-1: Base on Balls
Batting: RHB Jose Vasquez 0-0: Swinging Strike
0-1: Ball
1-1: Foul Ball, location: 2F
1-2: Reached on error, E4 (Groundball, 34, EV 106.9 MPH)
Dae-ik Yoon to second
Batting: SHB Floyd-William Goof 0-0: Called Strike
0-1: Foul Ball, location: 2F
0-2: Ball
1-2: Ball
2-2: Ball
3-2: SINGLE (Flyball, 56D, EV 88.8 MPH)
Dae-ik Yoon to third
Jose Vasquez to second
Batting: RHB Steve Jordan 0-0: Called Strike
0-1: Foul Ball, location: 2F
0-2: Fly out, F9 (Flyball, 89S, EV 83.1 MPH)
Batting: SHB Robbie Rogers 0-0: Ball
1-0: Fly out, F8 (Flyball, 8LD, EV 76.9 MPH)
Runner from 3rd tags up, SCORES, throw by CF
Jose Vasquez to third
Batting: RHB Tony Vargas 0-0: Ball
1-0: Foul Ball, location: 2F
1-1: Ball
2-1: Foul Ball, location: 2F
2-2: Ball
3-2: Foul Ball, location: 2F
3-2: Fly out, F9 (Flyball, 89S, EV 93.8 MPH)
Bottom of the 3rd over - 1 run, 1 hit, 1 error, 2 left on base; New York 0 - Seattle 2
TOP OF THE 4TH
New York Yankees batting - Pitching for Seattle Mariners : LHP Antonio Diaz
Batting: LHB Jordan de Jesus 0-0: Foul Ball, location: 2F
0-1: Ball
1-1: Fly out, F9 (Flyball, 9, EV 88.8 MPH)
Batting: RHB Adriaan Pieters 0-0: Called Strike
0-1: Called Strike
0-2: Ball
1-2: Reached on error, E6 (Groundball, 6, EV 101.9 MPH)
Batting: RHB Shiro Suehiro 0-0: Ball
1-0: Called Strike
1-1: Foul Ball, location: 2F
1-2: Ball
2-2: Strikes out looking
Batting: LHB Jim Skare 0-0: Ball
1-0: Called Strike
1-1: Called Strike
1-2: Ball
2-2: Ground out 1-3 (Groundball, 15S, EV 70.6 MPH)
Top of the 4th over - 0 runs, 0 hits, 1 error, 1 left on base; New York 0 - Seattle 2
BOTTOM OF THE 4TH
Seattle Mariners batting - Pitching for New York Yankees : RHP Tim Catalano
Batting: RHB Harutomi Matsubara 0-0: Swinging Strike
0-1: Ball
1-1: Ball
2-1: Called Strike
2-2: Ball
3-2: Foul Ball, location: 2F
3-2: Foul Ball, location: 2F
3-2: Foul Ball, location: 2F
3-2: Foul Ball, location: 2F
3-2: Ground out U3 (Groundball, 3, EV 106.2 MPH)
Batting: RHB Pavpv Ivanushkin 0-0: Ball
1-0: Ball
2-0: Called Strike
2-1: Ball
3-1: Base on Balls
Batting: RHB Jimmy Hammertime 0-0: Ball
1-0: Called Strike
1-1: Ball
2-1: Fly out, F8 (Line Drive, 89M, EV 98.8 MPH)
Batting: LHB Dae-ik Yoon 0-0: Called Strike
Pavpv Ivanushkin is caught stealing 2nd base 2-6
Bottom of the 4th over - 0 runs, 0 hits, 0 errors, 0 left on base; New York 0 - Seattle 2
TOP OF THE 5TH
New York Yankees batting - Pitching for Seattle Mariners : LHP Antonio Diaz
Batting: RHB Larry Martell 0-0: Ball
1-0: Ground out 5-3 (Groundball, 56S, EV 61.9 MPH)
Batting: RHB James Boynton 0-0: Ball
1-0: Ground out 5-3 (Groundball, 56S, EV 84.4 MPH)
Batting: RHB Mike Gifford 0-0: Called Strike
0-1: Swinging Strike
0-2: Strikes out looking
Top of the 5th over - 0 runs, 0 hits, 0 errors, 0 left on base; New York 0 - Seattle 2
BOTTOM OF THE 5TH
Seattle Mariners batting - Pitching for New York Yankees : RHP Tim Catalano
Batting: LHB Dae-ik Yoon 0-0: Ball
1-0: Called Strike
1-1: Called Strike
1-2: Ball
2-2: Ball
3-2: Foul Ball, location: 2F
3-2: SINGLE (Groundball, 34D, EV 103.1 MPH)
Batting: RHB Jose Vasquez 0-0: Ball
1-0: Called Strike
1-1: Ball
2-1: SINGLE (Groundball, 6S, EV 61.9 MPH) (infield hit)
Dae-ik Yoon to second
Batting: SHB Floyd-William Goof 0-0: Called Strike
0-1: Ball
1-1: Called Strike
1-2: Ball
2-2: Foul Ball, location: 2F
2-2: Ball
3-2: Fielders Choice at 2nd, 5-4 (Groundball, 56, EV 80.6 MPH)
Dae-ik Yoon to third
Pitching: RHP Bret Davies
Batting: RHB Steve Jordan 0-0: Ball
1-0: Ball
2-0: 3-RUN HOME RUN (Flyball, 7D, EV 98.8 MPH), Distance : 387 ft
Batting: SHB Robbie Rogers 0-0: Ball
1-0: Called Strike
1-1: SINGLE (Line Drive, 8LS, EV 93.1 MPH)
Batting: RHB Tony Vargas 0-0: Called Strike
Robbie Rogers steals 2nd base
0-1: Ball
Robbie Rogers steals 3rd base
1-1: Ball
2-1: Ball
3-1: Base on Balls
Batting: RHB Harutomi Matsubara 0-0: Ball
1-0: Called Strike
1-1: DOUBLE (Flyball, 8RXD, EV 113.8 MPH)
Robbie Rogers scores
Tony Vargas to third
Runner from 3rd tries for Home, SAFE, no throw by CF
Batting: RHB Pavpv Ivanushkin 0-0: Ball
1-0: Ball
2-0: Ball
3-0: Base on Balls
Batting: RHB Jimmy Hammertime 0-0: Ball
1-0: Swinging Strike
1-1: Foul Ball, location: 2F
1-2: Strikes out swinging
Batting: LHB Dae-ik Yoon 0-0: Called Strike
0-1: Ball
1-1: Ball
2-1: Foul Ball, location: 2F
2-2: Ball
3-2: Base on Balls
Harutomi Matsubara to third
Pavpv Ivanushkin to second
Batting: RHB Jose Vasquez 0-0: Ball
1-0: Ball
2-0: Ball
3-0: Called Strike
3-1: Swinging Strike
3-2: Strikes out looking
Bottom of the 5th over - 5 runs, 5 hits, 0 errors, 3 left on base; New York 0 - Seattle 7
TOP OF THE 6TH
New York Yankees batting - Pitching for Seattle Mariners : LHP Antonio Diaz
Batting: LHB Joel Vera 0-0: Swinging Strike
0-1: Ball
1-1: Ball
2-1: Ball
3-1: Foul Ball, location: 2F
3-2: Strikes out swinging
Batting: RHB Russ Shambaugh 0-0: Ball
1-0: Ball
2-0: Ball
3-0: Called Strike
3-1: Fly out, F8 (Flyball, 8LM, EV 91.2 MPH)
Batting: LHB Jordan de Jesus 0-0: Swinging Strike
0-1: Ball
1-1: Fly out, F9 (Flyball, 89S, EV 84.4 MPH)
Top of the 6th over - 0 runs, 0 hits, 0 errors, 0 left on base; New York 0 - Seattle 7
BOTTOM OF THE 6TH
Seattle Mariners batting - Pitching for New York Yankees : RHP Bret Davies
Batting: SHB Floyd-William Goof 0-0: Ball
1-0: Ball
2-0: Called Strike
2-1: Foul Ball, location: 2F
2-2: Ground out 6-3 (Groundball, P, EV 90.0 MPH)
Batting: RHB Steve Jordan 0-0: Called Strike
0-1: Swinging Strike
0-2: Ball
1-2: Foul Ball, location: 2F
1-2: Fly out, F3 (Popup, 3L, EV 61.2 MPH)
Batting: SHB Robbie Rogers 0-0: Fly out, F5 (Line Drive, 56, EV 66.2 MPH)
Bottom of the 6th over - 0 runs, 0 hits, 0 errors, 0 left on base; New York 0 - Seattle 7
TOP OF THE 7TH
New York Yankees batting - Pitching for Seattle Mariners : LHP Antonio Diaz
Batting: RHB Adriaan Pieters 0-0: Called Strike
0-1: Ball
1-1: Swinging Strike
1-2: Ball
2-2: Ground out 5-3 (Groundball, 5S, EV 85.0 MPH)
Batting: RHB Shiro Suehiro 0-0: Foul Ball, location: 2F
0-1: Foul Ball, location: 2F
0-2: Ball
1-2: Foul Ball, location: 2F
1-2: Foul Ball, location: 2F
1-2: Ball
2-2: Ball
3-2: Strikes out swinging
Batting: LHB Jim Skare 0-0: Ball
1-0: Foul Ball, location: 2F
1-1: Ball
2-1: Foul Ball, location: 2F
2-2: Ball
3-2: Foul Ball, location: 2F
3-2: Base on Balls
Batting: RHB Larry Martell 0-0: Ball
1-0: Called Strike
1-1: SINGLE (Groundball, 56D, EV 104.4 MPH)
Jim Skare to second
Pitching: LHP David Anaya
Batting: RHB James Boynton 0-0: Ball
1-0: Ball
2-0: Ball
3-0: Base on Balls
Jim Skare to third
Larry Martell to second
Batting: RHB Mike Gifford 0-0: Swinging Strike
0-1: SINGLE (Line Drive, 8RS, EV 98.8 MPH)
Jim Skare scores
Larry Martell to third
James Boynton to second
Runner from 3rd tries for Home, SAFE, throw by CF to home
Pinch Hitting: SHB Victor Ruiz 0-0: Ball
1-0: Foul Ball, location: 2F
1-1: Ball
2-1: Ball
3-1: Foul Ball, location: 2F
3-2: Ground out 6-3 (Groundball, 56, EV 80.0 MPH)
Top of the 7th over - 2 runs, 2 hits, 0 errors, 2 left on base; New York 2 - Seattle 7
BOTTOM OF THE 7TH
Seattle Mariners batting - Pitching for New York Yankees : RHP Bret Davies
Now at 1B: Victor Ruiz
Now at 2B: James Boynton
Batting: RHB Tony Vargas 0-0: Ball
1-0: Foul Ball, location: 2F
1-1: Ball
2-1: Ball
3-1: Called Strike
3-2: Fly out, F8 (Flyball, 89D, EV 97.5 MPH)
Pitching: RHP Eric Aguilar
Batting: RHB Harutomi Matsubara 0-0: Ball
1-0: Ball
2-0: Called Strike
2-1: Called Strike
2-2: Ground out 4-3 (Groundball, 34, EV 106.9 MPH)
Batting: RHB Pavpv Ivanushkin 0-0: Called Strike
0-1: Ball
1-1: Ball
2-1: Ball
3-1: Foul Ball, location: 2F
3-2: Base on Balls
Batting: RHB Jimmy Hammertime 0-0: Called Strike
0-1: Called Strike
0-2: Fielders Choice at 2nd, 6-4 (Groundball, 6, EV 112.5 MPH)
Bottom of the 7th over - 0 runs, 0 hits, 0 errors, 1 left on base; New York 2 - Seattle 7
TOP OF THE 8TH
New York Yankees batting - Pitching for Seattle Mariners : LHP David Anaya
Now at 2B: Malik Brookshire
Now at 3B: Corey Ottinger
Batting: RHB Russ Shambaugh 0-0: Called Strike
0-1: Ball
1-1: Ball
2-1: Ball
3-1: Base on Balls
Batting: LHB Jordan de Jesus 0-0: Fly out, F8 (Flyball, 8LD, EV 85.6 MPH)
Batting: RHB Adriaan Pieters 0-0: Swinging Strike
0-1: Ball
1-1: Ball
2-1: Ball
3-1: Called Strike
3-2: Strikes out swinging
Russ Shambaugh is caught stealing 2nd base 2-4
Batter strikes out.
Top of the 8th over - 0 runs, 0 hits, 0 errors, 0 left on base; New York 2 - Seattle 7
BOTTOM OF THE 8TH
Seattle Mariners batting - Pitching for New York Yankees : RHP Eric Aguilar
Batting: LHB Dae-ik Yoon 0-0: Ball
1-0: Ball
2-0: Swinging Strike
2-1: Foul Ball, location: 2F
2-2: Foul Ball, location: 2F
2-2: Foul Ball, location: 2F
2-2: SINGLE (Line Drive, 89S, EV 106.9 MPH)
Batting: RHB Jose Vasquez Pickoff Throw to First - Out! 1-3 CS
0-0: Ball
1-0: SINGLE (Groundball, 25, EV 63.1 MPH) (infield hit)
Batting: SHB Floyd-William Goof 0-0: Called Strike
0-1: Swinging Strike
0-2: Ball
1-2: Ball
2-2: Foul Ball, location: 2F
2-2: Ball
3-2: Foul Ball, location: 2F
3-2: Fly out, F4 (Popup, 4S, EV 77.5 MPH)
Batting: RHB Steve Jordan 0-0: Ball
1-0: SINGLE (Line Drive, 9S, EV 92.5 MPH)
Jose Vasquez to second
Runner from 2nd tries for 3rd, SAFE, throw by RF made to third
Pitching: LHP Robert Cruz
Batting: SHB Robbie Rogers 0-0: Ball
1-0: Ball
2-0: Called Strike
2-1: 3-RUN HOME RUN (Flyball, 9D, EV 98.8 MPH), Distance : 375 ft
Batting: RHB Tony Vargas 0-0: Fly out, F8 (Flyball, 8RM, EV 80.6 MPH)
Bottom of the 8th over - 3 runs, 4 hits, 0 errors, 0 left on base; New York 2 - Seattle 10
TOP OF THE 9TH
New York Yankees batting - Pitching for Seattle Mariners : LHP David Anaya
Batting: RHB Shiro Suehiro 0-0: Ball
1-0: Ball
2-0: Ground out 1-3 (Groundball, 34S, EV 73.1 MPH)
Batting: LHB Jim Skare 0-0: Ball
1-0: Ball
2-0: Ball
3-0: Called Strike
3-1: Foul Ball, location: 2F
3-2: Foul Ball, location: 2F
3-2: Base on Balls
Pitching: RHP Victor Cervantes
Batting: RHB Larry Martell 0-0: Ball
1-0: Foul Ball, location: 2F
1-1: Ball
2-1: Fly out, F4 (Popup, 23, EV 87.5 MPH)
Batting: RHB James Boynton 0-0: Ground out U3 (Groundball, 34S, EV 71.9 MPH)
Top of the 9th over - 0 runs, 0 hits, 0 errors, 1 left on base; New York 2 - Seattle 10
Tuesday, March 28th , 2023 - OOTP Baseball 23.10 Build 110